 Dungeon Crawl Stone Soup version 0.18.1-48-g4cf74bf (console) character file.

523500 Kloppie the Phalangite (level 24, -3/233 HPs)
             Began as a Centaur Berserker on Sept 2, 2016.
             Was the Champion of Trog.
             Slain by a deep troll (27 damage)
             ... on level 4 of the Depths.
             The game lasted 02:27:32 (76704 turns).

Kloppie the Phalangite (Centaur Berserker)         Turns: 76704, Time: 02:27:33

Health: -3/233     AC: 45    Str: 23    XL:     24   Next: 18%
Magic:  17/17      EV: 11    Int:  6    God:    Trog [******]
Gold:   3265       SH:  3    Dex: 18    Spells: 0 memorised, 23 levels left

rFire  . . .     SeeInvis +     b - +7 bardiche (protect)
rCold  + . .     Gourm    .     X - +10 pearl dragon armour of Futulatho {rN+ MR+ MP-9 SInv}
rNeg   + . .     Faith    .     (shield currently unavailable)
rPois  .         Spirit   .     J - +2 hat
rElec  .         Dismiss  .     q - +0 cloak {+Inv}
rCorr  +         Reflect  +     P - +0 pair of gloves
SustAt .         Harm     .     H - +4 centaur barding {Fly}
MR     ++++.                    S - +3 amulet of reflection
Stlth  ..........               I - ring of protection from cold
                                D - ring of resist corrosion

@: about to teleport, regenerating, very quick, incredibly resistant to hostile
enchantments, extremely unstealthy
A: hooves 3, deformed body, speed 2, tough skin 3
a: Berserk, Trog's Hand, Brothers in Arms, Burn Spellbooks, Renounce Religion,
Evoke Invisibility, Evoke Flight
}: 3/15 runes: barnacled, silver, gossamer


You were on level 4 of the Depths.
You worshipped Trog.
Trog was exalted by your worship.
You were not hungry.

You visited 8 branches of the dungeon, and saw 43 of its levels.
You visited the Abyss 1 time.
You also visited: Labyrinth, Ice Cave and Volcano.

You collected 5901 gold pieces.
You spent 2636 gold pieces at shops.

Inventory:

Hand Weapons
 a - the +8 glaive of the Guard {elec, +Rage AC+5 SInv}
   (Trog gifted it to you on level 4 of the Spider Nest)

   Occasionally, upon striking a foe, it will discharge some electrical energy
   and cause terrible harm.
   It affects your AC (+5).
   It lets you see invisible.
   It lets you go berserk.
 b - a +7 bardiche of protection (weapon)
Armour
 q - a +0 cloak of invisibility (worn)
 H - a +4 centaur barding of flying (worn)
 J - a +2 hat (worn)
 P - a +0 pair of gloves (worn)
 X - the +10 pearl dragon armour of Futulatho (worn) {rN+ MR+ MP-9 SInv}
   (You found it on level 8 of the Lair of Beasts)

   It protects you from negative energy.
   It affects your resistance to hostile enchantments.
   It affects your magic capacity (-9).
   It lets you see invisible.
Jewellery
 B - an uncursed ring of poison resistance
 C - a +4 ring of evasion
 D - a ring of resist corrosion (left hand)
 G - the macabre finger necklace {rN+}
   (You bought it in a shop on level 1 of the Elven Halls)

   [amulet of nothing]

   It protects you from negative energy.
 I - a ring of protection from cold (right hand)
 M - an uncursed ring of protection from magic
 R - the ring "Ziwkoesh" {+Inv +Fly rElec Str+5 Int+4}
   (You took it off a deep elf sorcerer on level 5 of the Vaults)

   [ring of strength]

   It affects your strength (+5).
   It affects your intelligence (+4).
   It insulates you from electricity.
   It lets you turn invisible.
   It lets you fly.
 S - a +3 amulet of reflection (around neck)
Wands
 f - a wand of paralysis (2/24)
 g - a wand of hasting (4/9)
 i - a wand of digging (15/24)
 m - a wand of flame (20/48)
 w - a wand of confusion (20/48)
 N - a wand of disintegration (14/24)
 O - a wand of iceblast (12/15)
 T - a wand of acid (9/15)
 V - a wand of heal wounds (3/9)
 Z - a wand of hasting (5/9)
Scrolls
 d - 25 scrolls of teleportation
 e - 18 scrolls of remove curse
 h - 7 scrolls of recharging
 n - a scroll of silence
 o - 2 scrolls of fog
 t - 9 scrolls of blinking
 u - a scroll of fear
 y - 7 scrolls of magic mapping
 z - 5 scrolls of identify
 K - 4 scrolls of enchant armour
Potions
 j - 8 potions of might
 k - a potion of invisibility
 p - a potion of resistance
 s - 4 potions of cancellation
 x - 2 potions of cure mutation
 A - 7 potions of curing
 E - 2 potions of heal wounds
 L - 4 potions of haste
 Q - a potion of brilliance
Comestibles
 c - 23 bread rations
 l - 9 royal jellies
 r - 5 fruits
 v - 10 slices of pizza
 F - 2 meat rations


   Skills:
 + Level 22.3 Fighting
 - Level 26.1 Polearms
 - Level 14.0 Armour
 - Level 8.0 Dodging
 - Level 4.0 Evocations


You had 23 spell levels left.
You didn't know any spells.

Dungeon Overview and Level Annotations

Branches:
Dungeon (15/15)            Temple (0/1) D:7            Lair (8/8) D:10
 Shoals (4/4) Lair:3       Spider (4/4) Lair:3        Slime (0/6) Lair:6
    Orc (2/2) D:10            Elf (1/3) Orc:2        Vaults (5/5) D:14
  Crypt (0/3) Vaults:3     Depths (4/5) D:15

Altars:
Ashenzari
Cheibriados
Dithmenos
Elyvilon
Fedhas
Kikubaaqudgha
Nemelex Xobeh
Qazlal
Ru
Vehumet
Zin
Beogh

Shops:
D:5 *   D:8 ?   D:12 *   Orc:2 }[[[   Elf:1 }?=   Shoals:1 ??(}?   Vaults:3 ?

Portals:
Hell: Depths:1 Depths:2 Depths:3
Pandemonium: Depths:3
Trove: D:15 (give 5 potions of resistance)


Innate Abilities, Weirdness & Mutations

You have hooves in place of feet.
Armour fits poorly on your strangely shaped body.
You cover ground very quickly.
You have extremely tough skin (AC +3).


Message History

The deep troll bites you but does no damage.
The deep troll barely misses you. The deep troll misses you.
The quicksilver dragon bites you but does no damage.
The quicksilver dragon claws you but does no damage.
The warg misses you.
The spriggan berserker closely misses you.
The deep troll barely misses you.
The deep troll claws you but does no damage. x2
The quicksilver dragon bites you but does no damage.
The quicksilver dragon claws you but does no damage.
The warg bites you but does no damage.
The deep troll shaman calls upon its god to strengthen the deep troll.
The deep troll seems to grow stronger.
You slice the deep troll!! You kick the deep troll.
The deep troll is severely wounded.
The spriggan berserker hits you but does no damage.
The quicksilver dragon bites you but does no damage.
The quicksilver dragon barely misses you.
The deep troll bites you!!
You die...

##...........#.......#
###.....................
##.....#.....(.#......#..
...#.....#................#.
................#(.........
##.≈≈≈...)...)..............
###..≈≈≈.#.oTc...#+#+#........
. #....≈≈.#..oDTT.## ##(.....[
."##......#....#@### ###'#...
...#.....#....##ih.# #...##÷.
##'#..........'....# #....÷..
#.....#.T(hD..#...)# #:...##)
'....#....Ti#+###.=# #.=###..
#.....o....## #### ######)>
........T..+ #!.. .......(...#
#<[. h...(o.....# ####


You could see a quicksilver dragon, a yaktaur captain, 2 deep trolls, a spriggan
berserker (berserk), a deep troll shaman, a warg and 2 orc warriors.

Vanquished Creatures
  A juggernaut (Depths:2)
  Boris (Vaults:4)
  Sojobo (Depths:1)
  Frederick (Vaults:4)
  Margery (Depths:1)
  A golden dragon (Vaults:4)
  Arachne (Spider:3)
  3 liches
  The ghost of Ququman the Executioner, an adept HOFi of Trog (Depths:2)
  An Ice Fiend (IceCv)
  A tentacled monstrosity (Vaults:5)
  Rupert (Lair:5)
  4 titans
  Frances (Shoals:2)
  Gastronok (D:8)
  2 sphinxes
  2 ancient champions
  Agnes (Vaults:1)
  5 tengu reavers
  7 shadow dragons
  Roxanne (Shoals:3)
  5 storm dragons
  Wiglaf (Vaults:1)
  9 fire giants
  Donald (Shoals:1)
  8 frost giants
  18 vault wardens
  3 deep elf sorcerers
  3 emperor scorpions
  Maud (Orc:1)
  Louise (Vaults:1)
  A curse skull (Vaults:3)
  The ghost of vuolankoinen the Peltast, a journeyman HuWn of Ashenzari (Spider:1)
  3 deep elf elementalists (Vaults:5)
  7 ghost moths
  7 very ugly things
  9 ironheart preservers
  A spriggan defender (Depths:2)
  A ghoul (Vaults:4)
  12 stone giants
  3 war gargoyles
  5 vampire knights
  2 deep elf demonologists
  A lorocyproca (Depths:3)
  3 salamander stormcallers
  10 spark wasps
  2 deep elf annihilators
  3 merfolk javelineers
  2 deep elf death magi
  11 ettins
  7 merfolk impalers
  39 vault guards
  A minotaur (Lab)
  Snorg (Lair:5)
  3 deep elf high priests
  An ettin (shapeshifter) (Vaults:4)
  A great orb of eyes (shapeshifter) (Depths:2)
  5 fire dragons
  5 jiangshi
  The ghost of letownia the Covert, a journeyman OpWz of Gozag (IceCv)
  15 yaktaur captains
  9 entropy weavers
  8 great orbs of eyes
  4 spriggan air magi
  10 hydras
  4 rakshasas
  12 centaur warriors
  5 ice dragons
  2 merfolk avatars
  5 death knights
  15 ogre magi
  5 merfolk aquamancers
  3 dancing weapons
  A satyr (shapeshifter) (Depths:2)
  8 deep troll earth magi
  A queen ant (shapeshifter) (Vaults:5)
  A hell hog (shapeshifter) (Vaults:5)
  4 deep troll shamans
  22 death yaks
  4 satyrs
  12 tengu warriors
  5 spriggan berserkers
  5 vampire magi
  9 orc high priests (Orc:2)
  A thrashing horror (Abyss:2)
  10 deep elf knights
  2 fire crabs (Vaults:1)
  5 sea snakes
  3 skeletal warriors (Vaults:2)
  2 large abominations (Abyss:2)
  A wretched star (Abyss:2)
  2 wizards
  A salamander mystic (Vaults:1)
  4 iron trolls
  A shadow wraith (Vaults:3)
  A golden dragon zombie (Vaults:5)
  4 hell knights
  A death drake (Abyss:2)
  A shadow demon (Abyss:2)
  2 unseen horrors (shapeshifter)
  A spatial maelstrom (Abyss:2)
  18 deep trolls
  8 starcursed masses (Abyss:2)
  5 deep elf archers
  5 flayed ghosts
  9 hill giants
  7 giant orange brains
  A lindwurm (Lair:6)
  An unseen horror (D:13)
  A hill giant (shapeshifter) (Vaults:1)
  2 phantasmal warriors
  A swamp dragon (shapeshifter) (Vaults:4)
  An anubis guard (shapeshifter) (Vaults:5)
  14 orc knights
  29 deep elf magi
  6 necromancers
  A harpy (shapeshifter) (Depths:1)
  A tengu zombie (Vaults:4)
  17 ironbrand convokers
  5 orc sorcerers
  A tengu skeleton (Vaults:4)
  16 orb spiders
  53 wolf spiders
  A wolf spider zombie (D:14)
  A wolf spider (shapeshifter) (Depths:1)
  A griffon (shapeshifter) (Vaults:5)
  3 mana vipers (shapeshifter)
  16 griffons
  A human zombie (Vaults:5)
  22 harpies
  12 fauns
  An orb spider (shapeshifter) (Vaults:4)
  9 hornets
  15 elephants
  2 worldbinders (Abyss:2)
  An elephant (shapeshifter) (Vaults:4)
  2 salamanders (Vaults:1)
  2 moths of wrath (Spider:3)
  40 ugly things
  7 manticores
  13 cyclopes
  2 guardian serpents
  2 centaur zombies (D:15)
  A guardian serpent (shapeshifter) (Depths:3)
  8 sirens
  19 black mambas
  17 vault sentinels
  2 ice statues (IceCv)
  4 water nymphs
  A stone giant skeleton (Vaults:4)
  8 torpor snails
  2 molten gargoyles (Volcano)
  Joseph (Lair:1)
  A spiny frog (shapeshifter) (Depths:2)
  A black mamba (shapeshifter) (Abyss:2)
  3 rime drakes
  An orange demon (Abyss:2)
  A gargoyle (D:12)
  2 torpor snails (shapeshifter) (Vaults:5)
  15 spiny frogs
  A rime drake (shapeshifter) (D:15)
  16 demonic crawlers
  A yaktaur (shapeshifter) (Depths:3)
  A kobold demonologist (Vaults:3)
  8 komodo dragons
  48 yaktaurs
  A hellwing (Depths:3)
  13 ice devils (IceCv)
  An efreet (D:15)
  9 freezing wraiths
  An elf skeleton (Vaults:5)
  A polar bear (Lair:4)
  2 ancient zymes (Abyss:2)
  8 tengu conjurers
  46 jumping spiders
  A queen bee (Spider:2)
  12 trolls
  A merfolk (shapeshifter) (D:15)
  20 merfolk
  4 wind drakes
  35 two-headed ogres
  2 wolf spider simulacra
  7 blink frogs
  20 slime creatures
  Grinder (D:4)
  2 fire giant simulacra
  2 blink frogs (shapeshifter)
  7 snapping turtles
  114 redbacks
  9 boulder beetles
  5 small abominations (Abyss:2)
  3 spriggans
  2 hornet zombies (D:15)
  31 tarantellas
  4 vampires
  84 yaks
  A ynoxinul (Depths:3)
  A tarantella (shapeshifter) (Vaults:4)
  2 fire bats (Abyss:2)
  3 shadows
  6 wraiths
  2 yaks (shapeshifter)
  11 water elementals
  10 wyverns
  A wyvern (shapeshifter) (Vaults:3)
  7 basilisks
  6 hungry ghosts
  A spriggan (shapeshifter) (Vaults:1)
  The ghost of schammes the Firebug, an amateur HOFE (D:3)
  4 spatial vortices (Abyss:2)
  2 neqoxecs (Depths:3)
  12 hippogriffs
  A hippogriff (shapeshifter) (Depths:4)
  A mottled dragon (D:12)
  A warg (shapeshifter) (Vaults:2)
  16 wargs
  3 vampire mosquitoes (D:15)
  A deep troll zombie (Vaults:4)
  A swamp worm (shapeshifter) (D:15)
  A naga (shapeshifter) (D:15)
  37 water moccasins
  2 soldier ants (D:10)
  A giant eyeball (Depths:4)
  A giant eyeball (shapeshifter) (Depths:3)
  12 porcupines
  Duvessa (D:6)
  33 orc warriors
  4 black bears
  13 wasps
  4 sky beasts
  3 eyes of draining
  2 eyes of draining (shapeshifter)
  2 phantoms
  A necrophage (D:6)
  An ettin simulacrum (Vaults:3)
  9 ice beasts
  4 wolves (Lair:6)
  11 boggarts
  52 ogres
  22 centaurs
  An elf simulacrum (Vaults:1)
  18 crocodiles
  18 giant frogs
  3 wyvern zombies
  An earth elemental (Elf:1)
  Dowan (D:6)
  A wyvern skeleton (D:11)
  8 scorpions
  33 killer bees
  9 wights
  3 howler monkeys
  4 electric eels
  7 crimson imps
  A quasit (D:15)
  6 jellies
  21 orc wizards
  37 orc priests
  3 hounds
  5 centaur skeletons
  3 giant frog skeletons
  16 iguanas
  18 worker ants
  2 killer bee zombies
  26 sheep
  A giant frog simulacrum (D:12)
  A hound zombie (D:9)
  A hound skeleton (D:9)
  A howler monkey zombie (D:5)
  4 gnolls (D:5)
  2 howler monkey skeletons (D:7)
  28 adders
  63 river rats
  8 shadow imps
  16 white imps
  8 ufetubi
  3 oozes
  An adder skeleton (D:4)
  A worm (D:3)
  4 dart slugs
  6 giant geckos
  118 orcs
  3 giant cockroaches
  5 goblins
  8 hobgoblins
  13 jackals
  3 kobolds
  7 quokkas
  8 bats
  A giant gecko skeleton (D:4)
  4 giant newts
  A quokka skeleton (D:6)
  11 rats
  2 fungi (D:10)
  A plant (Lair:8)
2300 creatures vanquished.

Vanquished Creatures (collateral kills)
  An orc priest (Orc:2)
  4 orcs (Orc:2)
5 creatures vanquished.

Vanquished Creatures (others)
  A tengu reaver (Depths:3)
  An ogre mage (Vaults:1)
  A merfolk aquamancer (Shoals:3)
  A vampire mage (Depths:1)
  A deep elf mage (Elf:1)
  An ufetubus (IceCv)
  An orc (Vaults:2)
  2 bushes (Lair:8)
  36 fungi
  30 plants
75 creatures vanquished.

Grand Total: 2380 creatures vanquished

Notes
Turn   | Place    | Note
--------------------------------------------------------------
     0 | D:1      | Kloppie the Centaur Berserker began the quest for the Orb.
     0 | D:1      | Reached XP level 1. HP: 19/19 MP: 1/1
   420 | D:1      | Reached skill level 3 in Polearms
   420 | D:1      | Reached XP level 2. HP: 26/26 MP: 2/2
   968 | D:2      | Found a sparkling altar of Nemelex Xobeh.
   979 | D:2      | Reached XP level 3. HP: 33/33 MP: 3/3
  1101 | D:2      | Reached ** piety under Trog
  2084 | D:3      | Reached XP level 4. HP: 27/40 MP: 4/4
  2445 | D:3      | Found an ancient bone altar of Kikubaaqudgha.
  2584 | D:3      | Noticed schammes's ghost (amateur HOFE)
  2588 | D:3      | Reached skill level 4 in Polearms
  2600 | D:3      | Killed schammes's ghost
  2600 | D:3      | Reached skill level 5 in Fighting
  2600 | D:3      | Reached XP level 5. HP: 35/48 MP: 5/5
  2670 | D:3      | Reached XP level 6. HP: 33/56 MP: 6/6
  3059 | D:3      | Noticed an angel
  3060 | D:3      | Found a glowing silver altar of Zin.
  3186 | D:3      | Found a shattered altar of Ashenzari.
  3420 | D:4      | Noticed Grinder
  3437 | D:4      | Killed Grinder
  3437 | D:4      | Reached skill level 5 in Polearms
  3437 | D:4      | Reached XP level 7. HP: 46/63 MP: 7/7
  3850 | D:4      | Reached skill level 6 in Polearms
  4673 | D:4      | Reached XP level 8. HP: 73/73 MP: 8/8
  4873 | D:5      | Entered Level 5 of the Dungeon
  5158 | D:5      | Reached *** piety under Trog
  5352 | D:5      | Reached skill level 7 in Polearms
  5592 | D:5      | Found Heomaas's Assorted Antiques.
  6589 | D:6      | Reached skill level 8 in Polearms
  6879 | D:6      | Reached XP level 9. HP: 60/82 MP: 9/9
  7524 | D:6      | Found a stormy altar of Qazlal.
  7674 | D:7      | Found a staircase to the Ecumenical Temple.
  7674 | D:7      | Noticed Duvessa
  7674 | D:7      | Noticed Dowan
  7695 | D:6      | Killed Duvessa
  7704 | D:6      | Killed Dowan
  7743 | D:7      | Reached **** piety under Trog
  7772 | D:7      | Found a blossoming altar of Fedhas.
  8326 | D:7      | Reached skill level 9 in Polearms
  8408 | D:7      | Found a snail-covered altar of Cheibriados.
  8519 | D:7      | Reached skill level 10 in Fighting
  9260 | D:8      | Found Luduty's Magic Scroll Shoppe.
  9268 | D:8      | Bought a scroll of recharging for 133 gold pieces
  9275 | D:8      | Bought a scroll of identify for 28 gold pieces
  9275 | D:8      | Bought a scroll of identify for 28 gold pieces
  9317 | D:8      | Got a spiked chain mail
  9391 | D:8      | Noticed Gastronok
  9418 | D:8      | Killed Gastronok
  9418 | D:8      | Reached skill level 10 in Polearms
  9418 | D:8      | Reached XP level 10. HP: 91/92 MP: 10/10
  9836 | D:8      | Identified the +4 chain mail of Inevitability {rN+ Slay+5} (You found it on level 8 of the Dungeon)
 10229 | D:9      | Identified a scroll of acquirement
 10281 | D:9      | Reached skill level 5 in Armour
 10448 | D:9      | Found a radiant altar of Vehumet.
 10451 | D:9      | Found a white marble altar of Elyvilon.
 10753 | D:10     | Entered Level 10 of the Dungeon
 10763 | D:10     | Found a staircase to the Lair.
 10775 | D:10     | Reached skill level 11 in Polearms
 10793 | D:10     | Noticed a white ugly thing
 10824 | D:9      | Killed a white ugly thing
 11021 | D:10     | Reached ***** piety under Trog
 11110 | D:10     | Found a sacrificial altar of Ru.
 11361 | D:10     | Reached XP level 11. HP: 98/98 MP: 11/11
 11725 | D:10     | Found a staircase to the Orcish Mines.
 11769 | D:10     | Received a gift from Trog
 12068 | Lair:1   | Entered Level 1 of the Lair of Beasts
 12517 | Lair:1   | Noticed Joseph
 12525 | Lair:1   | Killed Joseph
 12569 | Lair:1   | Noticed a six-headed hydra
 12577 | Lair:1   | Killed a six-headed hydra
 12820 | Lair:2   | Found a shadowy altar of Dithmenos.
 12881 | Lair:2   | Reached skill level 12 in Polearms
 13728 | Lair:2   | Noticed a death yak
 13741 | Lair:2   | Killed a death yak
 14278 | Lair:3   | Noticed a wolf spider
 14288 | Lair:3   | Killed a wolf spider
 14684 | Lair:3   | Found a staircase to the Shoals.
 14697 | Lair:3   | Reached XP level 12. HP: 106/106 MP: 12/12
 14951 | Lair:3   | Reached skill level 13 in Polearms
 14975 | Lair:3   | Got a steaming chain mail
 14976 | Lair:3   | Identified the +6 chain mail of a treasure trove {rN+ Str+4} (You found it on level 3 of the Lair of Beasts)
 15031 | Lair:3   | Noticed a five-headed hydra
 15040 | Lair:3   | Killed a five-headed hydra
 15481 | Lair:3   | Found a hole to the Spider Nest.
 15596 | Lair:4   | Noticed an eight-headed hydra
 15605 | Lair:4   | Killed an eight-headed hydra
 15616 | Lair:4   | Found a labyrinth entrance.
 15634 | Lab      | Entered a labyrinth
 16937 | Lab      | Noticed a minotaur
 16947 | Lab      | Killed a minotaur
 16966 | Lab      | Identified the Grimoire of Fiery Hexes
 16966 | Lab      | Identified the Compendium of Necromancy
 16970 | Lab      | Got a jewelled long sword
 17075 | Lair:4   | Identified the Reference Book on Weightlessness and the Volcanoes
 17249 | Lair:4   | Noticed a death yak
 17249 | Lair:4   | Noticed a death yak
 17249 | Lair:4   | Noticed a death yak
 17250 | Lair:4   | Noticed a death yak
 17250 | Lair:4   | Noticed a death yak
 17329 | Lair:4   | Killed a death yak
 17339 | Lair:4   | Killed a death yak
 17348 | Lair:4   | Killed a death yak
 17350 | Lair:4   | Killed a death yak
 17350 | Lair:4   | Reached skill level 14 in Polearms
 17413 | Lair:4   | Killed a death yak
 17898 | Lair:5   | Reached XP level 13. HP: 77/118 MP: 13/13
 18594 | Lair:5   | Noticed Snorg
 18636 | Lair:5   | Killed Snorg
 19382 | Lair:5   | Noticed Rupert
 19406 | Lair:5   | Killed Rupert
 19958 | Lair:6   | Found a staircase to the Slime Pits.
 20003 | Lair:6   | Received a gift from Trog
 20745 | Lair:6   | Received a gift from Trog
 21142 | Lair:7   | Found a dark tunnel.
 21156 | Volcano  | Entered a volcano
 21285 | Volcano  | Found a radiant altar of Vehumet.
 21291 | Volcano  | Reached XP level 14. HP: 78/129 MP: 14/14
 21882 | Lair:7   | Reached skill level 15 in Polearms
 21900 | Lair:7   | Reached skill level 10 in Armour
 23345 | Orc:1    | Entered Level 1 of the Orcish Mines
 23399 | Orc:1    | Received a gift from Trog
 23407 | Orc:1    | Got a crystal halberd {god gift}
 23416 | Orc:1    | Identified the +5 halberd "Irghaaba" {freeze, Dex+4} (Trog gifted it to you on level 1 of the Orcish Mines)
 23580 | Orc:2    | Entered Level 2 of the Orcish Mines
 23600 | Orc:1    | Noticed Maud
 23610 | Orc:1    | Killed Maud
 24226 | Orc:2    | HP: 2/132 [orc high priest/divine providence (13)]
 25080 | Orc:2    | Found Fiuw's Antique Armour Shoppe.
 25080 | Orc:2    | Found Xenymues's Gadget Shop.
 25098 | Orc:2    | Bought a runed cloak for 162 gold pieces
 25109 | Orc:2    | Bought a faintly glowing leather armour for 252 gold pieces
 25119 | Orc:2    | Identified the +2 leather armour "Bedub" {Regen+ Stlth+} (You bought it in a shop on level 2 of the Orcish Mines)
 25155 | Orc:2    | Found a roughly hewn altar of Beogh.
 25238 | Orc:2    | HP: 1/199 [red devil/trident[an orc high priest] (19)]
 25528 | Orc:2    | Found a staircase to the Elven Halls.
 25597 | Orc:2    | Found Pois's Armour Shoppe.
 25597 | Orc:2    | Found Xeyrphy's Antique Armour Shop.
 25611 | Orc:2    | Bought a translucent chain mail for 304 gold pieces
 25621 | Orc:2    | Identified the +1 chain mail of Gozag's Hope {SInv} (You bought it in a shop on level 2 of the Orcish Mines)
 25743 | Orc:2    | Found a radiant altar of Vehumet.
 26237 | Orc:2    | Received a gift from Trog
 26483 | D:11     | Reached skill level 16 in Polearms
 27421 | D:12     | Found Noycsul's Elemental Accessories.
 29030 | D:12     | Reached XP level 15. HP: 136/139 MP: 15/15
 29545 | Lair:8   | Entered Level 8 of the Lair of Beasts
 29575 | Lair:8   | Identified the Compendium of Dislocation and Augmentations
 29641 | Lair:8   | Received a gift from Trog
 29858 | Lair:8   | Reached skill level 15 in Fighting
 30620 | Lair:8   | Reached skill level 17 in Polearms
 30627 | Lair:8   | Received a gift from Trog
 31488 | Lair:8   | Got a twisted pearl dragon armour
 31522 | Lair:8   | Identified the +10 pearl dragon armour of Futulatho {rN+ MR+ MP-9 SInv} (You found it on level 8 of the Lair of Beasts)
 33014 | D:14     | Found a gate to the Vaults.
 33031 | D:14     | Reached XP level 16. HP: 110/151 MP: 7/16
 33255 | D:14     | Received a gift from Trog
 33705 | D:15     | Entered Level 15 of the Dungeon
 34014 | D:15     | Reached skill level 18 in Polearms
 34138 | D:15     | Found a portal to a secret trove of treasure.
 34548 | D:15     | Received a gift from Trog
 34890 | D:15     | Found a staircase to the Depths.
 35264 | Elf:1    | Entered Level 1 of the Elven Halls
 35519 | Elf:1    | Found Eqaa's Magic Scroll Shoppe.
 35537 | Elf:1    | Found Qorraen's Gadget Boutique.
 36215 | Elf:1    | Got a twisted spear
 36229 | Elf:1    | Identified the Grimoire of Supportive Confrontation
 36248 | Elf:1    | Found Koen's Jewellery Shoppe.
 36254 | Elf:1    | Bought a cursed -3 ring of strength for 30 gold pieces
 36254 | Elf:1    | Bought the macabre finger necklace {rN+} for 280 gold pieces
 36667 | Spider:1 | Entered Level 1 of the Spider Nest
 36674 | Spider:1 | Received a gift from Trog
 37153 | Spider:1 | Reached XP level 17. HP: 89/160 MP: 0/17
 37548 | Spider:1 | Noticed vuolankoinen's ghost (journeyman HuWn)
 38564 | Spider:1 | Reached skill level 19 in Polearms
 38578 | Spider:1 | Killed vuolankoinen's ghost
 39051 | Spider:1 | Got a shimmering leather armour
 39092 | Lair:3   | Identified the +1 leather armour "Boanewne" {Str+4} (You found it on level 1 of the Spider Nest)
 39305 | Lair:3   | Received a gift from Trog
 39621 | Spider:1 | Identified the +8 spear of the Nine Suns {vamp, rN+ Str+4} (You found it on level 1 of the Elven Halls)
 43479 | Spider:3 | Received a gift from Trog
 44060 | Spider:3 | HP: 6/163 [emperor scorpion[a torpor snail] (16)]
 44065 | Spider:3 | HP: 4/163 [poisoned by an emperor scorpion]
 44070 | Spider:3 | HP: 4/163 [poisoned by an emperor scorpion]
 44075 | Spider:3 | HP: 7/163 [poisoned by an emperor scorpion]
 45566 | Spider:3 | Received a gift from Trog
 45823 | Spider:4 | Entered Level 4 of the Spider Nest
 46022 | Spider:3 | Reached XP level 18. HP: 140/172 MP: 9/18
 46437 | Spider:4 | Reached skill level 20 in Polearms
 46858 | Spider:4 | Noticed Arachne
 47204 | Spider:3 | Killed Arachne
 47273 | Spider:4 | Reached skill level 5 in Dodging
 47858 | Spider:4 | Received a gift from Trog
 48681 | Spider:4 | Got a gossamer rune of Zot
 48879 | Shoals:1 | Entered Level 1 of the Shoals
 48921 | Shoals:1 | Reached skill level 1 in Evocations
 49070 | Shoals:1 | Found Ygucos's Magic Scroll Emporium.
 49073 | Shoals:1 | Bought a scroll of brand weapon for 260 gold pieces
 49073 | Shoals:1 | Bought 3 scrolls of teleportation for 117 gold pieces
 49073 | Shoals:1 | Bought a scroll of identify for 26 gold pieces
 49075 | Shoals:1 | Found Detapoob's Magic Scroll Shoppe.
 49090 | Shoals:1 | Found Ceddyodgh's Weapon Shoppe.
 49189 | Shoals:1 | Received a gift from Trog
 49237 | Shoals:1 | Found Qotierch's Gadget Shop.
 49245 | Shoals:1 | Noticed Donald
 49251 | Shoals:1 | Reached ****** piety under Trog
 49260 | Shoals:1 | Killed Donald
 49270 | Shoals:1 | Found Funoddel's Magic Scroll Shoppe.
 49278 | Shoals:1 | Bought a wand of digging (6/24) for 340 gold pieces
 49560 | Shoals:2 | Got a fine mottled dragon armour
 49561 | Shoals:2 | Identified the +1 mottled dragon armour "Guq Dakkeont" {rN+ MR++ Int+2} (You acquired it on level 2 of the Shoals)
 50305 | Shoals:2 | Noticed Frances
 50316 | Shoals:2 | Killed Frances
 51275 | Shoals:3 | Reached XP level 19. HP: 179/179 MP: 13/22
 51369 | Shoals:3 | Noticed Roxanne
 51649 | Shoals:3 | Received a gift from Trog
 51770 | Shoals:4 | Entered Level 4 of the Shoals
 51893 | Shoals:4 | Found a frozen archway.
 51913 | IceCv    | Entered an ice cave
 51919 | IceCv    | Noticed letownia's ghost (journeyman OpWz)
 51924 | IceCv    | Killed letownia's ghost
 52165 | IceCv    | Got a warped demon trident
 52500 | Shoals:3 | Killed Roxanne
 53015 | Shoals:3 | Received a gift from Trog
 53017 | Shoals:3 | Got a twisted glaive {god gift}
 53018 | Shoals:3 | Identified the +2 glaive "Grim" {elec, Int+4} (Trog gifted it to you on level 3 of the Shoals)
 53020 | Shoals:3 | Identified the +7 demon trident of Tender Mercy {vamp, rF+ rC- MR++ Str+2} (You found it in an ice cave)
 53713 | Shoals:4 | Got a barnacled rune of Zot
 54047 | Vaults:1 | Entered Level 1 of the Vaults
 54696 | Vaults:1 | Received a gift from Trog
 54970 | Vaults:1 | Noticed Wiglaf
 54973 | Vaults:1 | Noticed Agnes
 54977 | Vaults:1 | Killed Wiglaf
 54978 | Vaults:1 | Noticed Louise
 55005 | Vaults:1 | Killed Agnes
 55011 | Vaults:1 | Killed Louise
 55249 | Vaults:1 | Received a gift from Trog
 55953 | Vaults:1 | Received a gift from Trog
 56022 | Vaults:2 | Reached XP level 20. HP: 181/189 MP: 14/23
 56468 | Vaults:2 | Cast into level 2 of the Abyss (orc knight)
 56556 | Abyss:2  | Got a jewelled buckler
 56624 | Abyss:2  | Found a corrupted altar of Lugonu.
 56963 | Vaults:2 | Escaped the Abyss
 57248 | Vaults:2 | Received a gift from Trog
 57282 | Vaults:2 | Identified the -3 buckler "Zotilen" {-Cast rN+ Str+7} (You found it on level 2 of the Abyss)
 58655 | Vaults:3 | Received a gift from Trog
 58777 | Vaults:3 | Found a staircase to the Crypt.
 58989 | Vaults:3 | You fall through a shaft!
 59102 | Vaults:3 | Found Qonauref's Magic Scroll Shop.
 59108 | Vaults:3 | Bought a scroll of acquirement for 676 gold pieces
 59215 | Vaults:3 | Received a gift from Trog
 59216 | Vaults:3 | Got a slimy halberd {god gift}
 59878 | Vaults:4 | Reached XP level 21. HP: 204/204 MP: 15/24
 59883 | Vaults:4 | Noticed Frederick
 59884 | Vaults:4 | Noticed Boris
 59901 | Vaults:4 | Killed Frederick
 59909 | Vaults:4 | Killed Boris
 59933 | Vaults:4 | HP: 3/204 [vault warden/enchanted long sword (14)]
 60383 | Vaults:3 | Reached skill level 21 in Polearms
 60585 | Vaults:4 | Received a gift from Trog
 61666 | Vaults:4 | Received a gift from Trog
 61812 | Vaults:5 | Entered Level 5 of the Vaults
 62176 | Vaults:4 | Reached skill level 22 in Polearms
 63893 | Vaults:5 | Reached XP level 22. HP: 207/213 MP: 16/25
 64063 | Vaults:5 | Received a gift from Trog
 64301 | Vaults:5 | Reached skill level 23 in Polearms
 65023 | Vaults:5 | Got a translucent lapis lazuli ring
 65024 | Vaults:5 | Identified the ring "Ziwkoesh" {+Inv +Fly rElec Str+5 Int+4} (You took it off a deep elf sorcerer on level 5 of the Vaults)
 65976 | Vaults:5 | Noticed a golden dragon
 66183 | Vaults:4 | Received a gift from Trog
 66436 | Vaults:5 | Got a silver rune of Zot
 66529 | Vaults:4 | Killed a golden dragon
 66599 | Vaults:4 | Reached skill level 24 in Polearms
 67180 | Depths:1 | Entered Level 1 of the Depths
 67859 | Depths:1 | Identified the +8 halberd of Pain and Death {chop, +Rage rC- Str+7} (Trog gifted it to you on level 3 of the Vaults)
 68872 | Depths:1 | Reached XP level 23. HP: 211/220 MP: 17/26
 69057 | Depths:1 | Noticed Margery
 69058 | Depths:1 | Found a gateway to Hell.
 69070 | Depths:1 | Received a gift from Trog
 69088 | Depths:1 | Killed Margery
 69227 | Depths:2 | Noticed Sojobo
 70490 | Depths:2 | Reached skill level 25 in Polearms
 70667 | Depths:1 | Killed Sojobo
 71150 | D:15     | Received a gift from Trog
 71550 | Depths:2 | Noticed Ququman's ghost (adept HOFi)
 71564 | Depths:2 | Killed Ququman's ghost
 72644 | Depths:2 | Noticed a juggernaut
 72668 | Depths:2 | Killed a juggernaut
 73452 | Depths:3 | Reached skill level 26 in Polearms
 73754 | Depths:3 | Received a gift from Trog
 73757 | Depths:3 | Found a one-way gate leading to the halls of Pandemonium.
 74760 | Depths:3 | Identified Erhipasm's Guide on Shifting Poisoning
 75158 | Depths:3 | Reached XP level 24. HP: 163/231 MP: 17/26
 76578 | Depths:4 | Received a gift from Trog
 76704 | Depths:4 | Slain by a deep troll

Skill      XL: |  1  2  3  4  5  6  7  8  9 10 11 12 13 14 15 16 17 18 19 20 21 22 23 24 |
---------------+-------------------------------------------------------------------------+-----
Polearms       | 3 4 5 6 8 10 11 12 14 16 17 18 19 20 22 24 26 | 26.1
Fighting       | 4 5 6 7 9 10 12 13 14 16 18 21 22 | 22.3
Armour         | 4 5 8 9 10 11 14 | 14.0
Dodging        | 3 8 |  8.0
Evocations     | 4 |  4.0

Action                   |  1- 3 |  4- 6 |  7- 9 | 10-12 | 13-15 | 16-18 | 19-21 | 22-24 || total
-------------------------+-------+-------+-------+-------+-------+-------+-------+-------++-------
Melee: Spear             |   125 |   125 |   685 |    75 |       |       |       |       ||  1010
       Kick              |    20 |    27 |   171 |   209 |   463 |   645 |   704 |   574 ||  2813
       Trident           |       |       |       |   712 |   424 |       |       |       ||  1136
       Halberd           |       |       |       |       |  1027 |   616 |       |       ||  1643
       Glaive            |       |       |       |       |       |  1495 |  2186 |   837 ||  4518
       Bardiche          |       |       |       |       |       |       |       |   710 ||   710
Invok: Berserk           |     2 |     2 |     9 |     5 |     9 |    11 |     5 |     4 ||    47
       Trog's Hand       |       |     2 |     5 |     4 |    11 |    19 |    18 |    12 ||    71
       Brothers in Arms  |       |       |       |     1 |     1 |       |       |       ||     2
 Abil: Stop Flying       |       |       |       |       |       |     1 |       |       ||     1
Evoke: Wand              |       |       |       |       |       |       |       |     1 ||     1
  Use: Scroll            |       |       |    20 |    16 |     9 |    18 |    10 |    16 ||    89
       Potion            |       |       |       |     1 |     3 |     2 |     2 |       ||     8
 Stab: Distracted        |       |       |       |       |     1 |     3 |       |       ||     4
       Held in net/web   |       |       |       |       |       |     2 |       |       ||     2
  Eat: Chunk             |     4 |     5 |    29 |    20 |    47 |    24 |    34 |    16 ||   179
       Meat ration       |       |       |     1 |       |       |     6 |     1 |     5 ||    13
       Fruit             |       |       |     2 |       |       |     1 |       |       ||     3
       Beef jerky        |       |       |     1 |       |       |     1 |       |       ||     2
       Royal jelly       |       |       |       |     4 |     4 |     3 |     2 |       ||    13
       Bread ration      |       |       |       |       |       |     2 |     1 |     1 ||     4
Armor: Leather armour    |    29 |    24 |    35 |       |     3 |       |       |       ||    91
       Scale mail        |       |       |   173 |     6 |       |       |       |       ||   179
       Chain mail        |       |       |       |   348 |   392 |       |       |       ||   740
       Pearl dragon armo |       |       |       |       |    83 |  2185 |  1392 |  1261 ||  4921
Dodge: Dodged            |    44 |    46 |   220 |   192 |   472 |   963 |  1110 |   833 ||  3880
Block: Other             |       |       |       |       |       |       |       |   117 ||   117
       Reflection        |       |       |       |       |       |       |       |     6 ||     6
